 Dungeon Sprint DCSS version 0.29-a0-887-gcbe080d7e0 (webtiles) character file.

Game seed: 1530905841438506986

466 rocky1 the Thaumaturge (level 6, -4/32 HPs)
             Began as a Deep Elf Conjurer on July 22, 2022.
             Was a High Priest of Sif Muna.
             Slain by an orc knight
             ... wielding a +0 battleaxe
              (19 damage)
             ... in the Dungeon (Sprint VII: "The Pits").
             The game lasted 00:06:27 (808 turns).

rocky1 the Thaumaturge (Deep Elf Conjurer)           Turns: 808, Time: 00:06:28

Health: -4/32      AC:  2    Str:  4    XL:     6   Next: 81%
Magic:  6/22       EV: 12    Int: 25    God:    Sif Muna [*****.]
Gold:   0          SH:  0    Dex: 13    Spells: 6/27 levels left

rFire   . . .      SeeInvis .   m - +0 quarterstaff (protect)
rCold   . . .      Faith    .   (shield currently unavailable)
rNeg    . . .      Spirit   .   a - +0 robe
rPois   .          Reflect  .   (no helmet)
rElec   .          Harm     .   (no cloak)
rCorr   .          Rampage  .   (no gloves)
Will    .....      NoTele   +   (no boots)
Stlth   ++........              (no amulet)
HPRegen 0.10/turn               (no ring)
MPRegen 0.18/turn               (no ring)

@: channelling
A: no striking features
a: Renounce Religion, Channel Magic, Forget Spell, Divine Exegesis


You were in the Dungeon.
You worshipped Sif Muna.
Sif Muna was extremely pleased with you.
You visited 1 branch

Inventory:

Hand Weapons
 k - a +3 flail of freezing
 l - a +1 long sword of flaming
 m - a +0 quarterstaff of protection (weapon)
Armour
 a - a +0 robe (worn)
Scrolls
 i - 5 scrolls of amnesia
Potions
 b - 5 potions of magic
 c - 6 potions of curing
 d - 3 potions of heal wounds
 e - a potion of haste
 f - 3 potions of berserk rage
 h - 2 potions of invisibility


   Skills:
 - Level 2.5 Dodging
 - Level 2.5 Stealth
 + Level 11.4 Spellcasting
 + Level 10.6 Conjurations
 + Level 0.0 Hexes
 + Level 0.0 Translocations
 + Level 0.0 Fire Magic
 + Level 8.7 Invocations


You had 6 spell levels left.
You knew the following spells:

 Your Spells              Type           Power      Damage    Failure   Level
a - Magic Dart            Conj           100%       1d8       1%          1
b - Searing Ray           Conj           100%       2d8       1%          2
c - Iskenderun's Battles  Conj           61%        2d11      1%          5
d - Iskenderun's Mystic   Conj/Tloc      40%        2d9       4%          4
e - Fulminant Prism       Conj/Hex       20%        3d13      4%          4
f - Fireball              Conj/Fire      20%        3d10      13%         5

Your spell library contained the following spells:

 Spells                   Type           Power      Damage    Failure   Level
 Dazzling Flash           Conj/Hex       80%        N/A       1%          3
 Conjure Ball Lightning   Conj/Air       20%        3x3d6     58%         6
 Orb of Destruction       Conj           30%        9d10      43%         7


Dungeon Overview and Level Annotations

Branches:
Dungeon (1/1)

Altars:
Ashenzari
Cheibriados
Dithmenos
Elyvilon
Fedhas
Gozag
Hepliaklqana
Kikubaaqudgha
Makhleb
Nemelex Xobeh
Okawaru
Qazlal
Ru
Sif Muna
Trog
Uskayaw
Vehumet
Wu Jian
Xom
Yredelemnul
Zin
The Shining One
Jiyva
Lugonu


Message History

The orc knight is severely wounded.
Your battlesphere fires!
The barrage of energy hits the orc knight but does no damage.
The orc knight is severely wounded.
Aiming: Magic Dart (safe; 1% risk of failure)
Press: ? - help, Q - select action, (/) - cycle Shift-Dir - straight line, f/p - orc knight
Aim: an orc knight, wielding a +0 battleaxe and wearing a +0 plate armour (severely wounded, ally target, 100% to hit)
The magic dart hits the orc knight but does no damage.
The orc knight is severely wounded.
Your battlesphere fires!
The barrage of energy hits the orc knight!
The orc knight is almost dead.
Your battlesphere expends the last of its energy and dissipates.
Aiming: Magic Dart (safe; 1% risk of failure)
Press: ? - help, Q - select action, (/) - cycle Shift-Dir - straight line, f/p - orc knight
Aim: an orc knight, wielding a +0 battleaxe and wearing a +0 plate armour (almost dead, 100% to hit)
The magic dart hits the orc knight but does no damage.
The orc knight is almost dead.
Casting: Magic Dart (safe; 1% risk of failure)
Confirm with . or Enter, or press ? or * to list all spells.
The spell is quite dangerous to miscast (4% risk of failure)!
Continue anyway? [Y]es or [N]o only, please.
The spell is quite dangerous to miscast (4% risk of failure)!
Continue anyway?
Okay, then.
Unknown command.
Casting: Iskenderun's Mystic Blast (quite dangerous; 4% risk of failure)
Confirm with . or Enter, or press ? or * to list all spells.
The spell is quite dangerous to miscast (4% risk of failure)!
Continue anyway?
You erupt in a blast of force!
The mystic blast hits the orc knight!
The orc knight is almost dead.
The orc knight is knocked back by the mystic blast.
Unknown command.
You feel much better.
The orc knight hits you with a +0 battleaxe!
Ouch! That really hurt!
Unknown command.
Okay, then.
The orc knight hits you with a +0 battleaxe!!
Ouch! That really hurt!
You die...

#)#........##.......#
#)###########.......#
#.......# #########
#.......# #...#...#
#..###..#+#
#...#...#.+
#.......#'#
#...@o..'.#
###########


You could see an orc knight.

Vanquished Creatures
  A sky beast (D)
  4 wights (D)
  A quasit (D)
  A jelly (D)
  A gnoll bouda (D)
  6 gnolls (D)
  A worm (D)
  An orc (D)
  A bat (D)
  A bat skeleton (D)
  2 giant cockroaches (D)
  A goblin (D)
  A quokka (D)
  A ball python zombie (D)
  A frilled lizard (D)
  A rat (D)
25 creatures vanquished.

Notes
Turn   | Place    | Note
-------+----------+-------------------------------------------
     0 | D        | rocky1 the Deep Elf Conjurer began the quest for the Orb.
     0 | D        | Reached XP level 1. HP: 10/10 MP: 6/6
    18 | D        | Found a bloodstained altar of Trog.
    18 | D        | Found a shimmering blue altar of Sif Muna.
    18 | D        | Found a viscous altar of Jiyva.
    18 | D        | Found a hazy altar of Hepliaklqana.
    18 | D        | Found an opulent altar of Gozag.
    19 | D        | Found a glowing golden altar of the Shining One.
    19 | D        | Found a glowing silver altar of Zin.
    19 | D        | Found a basalt altar of Yredelemnul.
    19 | D        | Found a shimmering altar of Xom.
    19 | D        | Found an ornate altar of the Wu Jian Council.
    19 | D        | Found a sacrificial altar of Ru.
    19 | D        | Found a stormy altar of Qazlal.
    19 | D        | Found an iron altar of Okawaru.
    19 | D        | Found a sparkling altar of Nemelex Xobeh.
    19 | D        | Found a burning altar of Makhleb.
    19 | D        | Found a blossoming altar of Fedhas.
    19 | D        | Found a white marble altar of Elyvilon.
    19 | D        | Found a shadowy altar of Dithmenos.
    19 | D        | Found a snail-covered altar of Cheibriados.
    22 | D        | Found a corrupted altar of Lugonu.
    22 | D        | Found a radiant altar of Vehumet.
    23 | D        | Found an ancient bone altar of Kikubaaqudgha.
    23 | D        | Found a hide-covered altar of Uskayaw.
    23 | D        | Found a broken altar of Ashenzari.
    24 | D        | Became a worshipper of Sif Muna the Loreminder
    69 | D        | Reached skill level 5 in Conjurations
   113 | D        | Reached * piety under Sif Muna
   116 | D        | Reached skill level 4 in Spellcasting
   127 | D        | Reached ** piety under Sif Muna
   128 | D        | Reached XP level 2. HP: 15/15 MP: 0/9
   267 | D        | Learned a level 2 spell: Searing Ray
   278 | D        | Noticed a wight
   278 | D        | Noticed a wight
   278 | D        | Noticed a sky beast
   289 | D        | Reached *** piety under Sif Muna
   290 | D        | Reached skill level 6 in Spellcasting
   290 | D        | Reached XP level 3. HP: 19/19 MP: 4/12
   292 | D        | Killed a sky beast
   293 | D        | Reached skill level 8 in Spellcasting
   293 | D        | Reached skill level 5 in Invocations
   293 | D        | Reached XP level 4. HP: 14/24 MP: 1/16
   293 | D        | Reached XP level 5. HP: 17/28 MP: 1/17
   433 | D        | Reached skill level 9 in Spellcasting
   510 | D        | Reached **** piety under Sif Muna
   511 | D        | Reached skill level 10 in Spellcasting
   511 | D        | Reached XP level 6. HP: 29/32 MP: 17/21
   529 | D        | Reached ***** piety under Sif Muna
   583 | D        | Received a gift from Sif Muna
   584 | D        | Reached skill level 11 in Spellcasting
   584 | D        | Reached skill level 10 in Conjurations
   774 | D        | Learned a level 5 spell: Iskenderun's Battlesphere
   779 | D        | Learned a level 4 spell: Iskenderun's Mystic Blast
   784 | D        | Learned a level 4 spell: Fulminant Prism
   790 | D        | Learned a level 5 spell: Fireball
   792 | D        | Noticed an orc knight
   808 | D        | Slain by an orc knight

Illustrated notes

Levels and vault maps discovered:
D:        pitsprint [storerooms_1, entrance_room_1, metal_vault_5, armoury_2,
          mini_pit_1, grid_room_1, main_hall_1, silver_pit, the_coven_1,
          the_vestibule_1, steel_vault_1, golden_pit, hallway_of_sentries,
          crystal_vault_6, iron_vault_4, final_vault]

Skill      XL: |  1  2  3  4  5  6 |
---------------+-------------------+-----
Conjurations   | 5 6 8 9 10 | 10.6
Spellcasting   | 4 6 8 10 11 | 11.4
Invocations    | 2 5 7 8 |  8.7
Dodging        | |  2.5
Stealth        | |  2.5

Action                   |  1- 3 |  4- 6 || total
-------------------------+-------+-------++-------
Melee: Quarterstaff      |     2 |       ||     2
 Cast: Magic Dart        |    17 |    10 ||    27
       Searing Ray       |     1 |     8 ||     9
       Iskenderun's Myst |       |     3 ||     3
       Iskenderun's Batt |       |     1 ||     1
Invok: Channel Magic     |       |     1 ||     1
  Use: Potion            |     1 |     2 ||     3
       Scroll            |       |     2 ||     2
Dodge: Dodged            |     4 |    10 ||    14

Table legend: (Time is in decaauts)
 A = Elapsed time spent in this place.
 B = Non-inter-level travel time spent in this place.
 C = Inter-level travel time spent in this place.
 D = Time resting spent in this place.
 E = Time spent auto-exploring this place.
 F = Levels seen in this place.
 G = Mean time per level.
                   A        B        C        D        E       F      G
               +--------+--------+--------+--------+--------+-----+--------+
         Total |    807 |    786 |     21 |    459 |      0 |   1 |  807.0 |
       Dungeon |    807 |    786 |     21 |    459 |      0 |   1 |  807.0 |
               +--------+--------+--------+--------+--------+-----+--------+

Top non-repeatable levels by time:
       D: 807 daAuts
